Description

Bly did a creative rush on Snute who is known to always go hatch gas pool and caught him off guard cause he didnt scout this is not a serious build but i will make for fun games, well for you atleast your oponnent will most likely scream through their screen

VOD

https://www.twitch.tv/videos/222730538

Build Order

Get SALT Encoding   

  12  0:17  Spawning Pool  
  11  0:22  Drone  
  12  0:27  Drone  
  13  0:32  Drone  
  14  0:41  Overlord  
  14  1:04  Zergling x2  
  16  1:06  Zergling  move 3 workers to the oponnents base they are gonna build the spines
  17  1:17  Zergling  pull all but 4 workers and never stop making zerglings from here
  21  1:55  Spine Crawler x3  
Spawning Tool Build Advisor. Get it on Overwolf

Analysis

Remember workers dont automatically attack so you really have to keep an eye on them because pasifist workers is how you lose

your main objective during the rush is bassicly just to protect the spine crawlers from the workers and the zerlings from your oponnent until they finish at which point you have likely won you just have to be able to reach both mineral lines and hatches

Build the spine crawlers at the edge of creep and together so you can protect all 3 at once

Go to:

Details

  • Created by: Lukebomber     
  • Published on: Apr 01, 2018
  • Modified on: Apr 25, 2018
  • Patch: 4.0.0
Show
View Real Time Build Order
Export as new Build Order

Comments (0)

There are no comments. Be the first!

Create an account to comment!